 Dungeon Crawl Stone Soup version 0.26-a0-6-g448add79b7 (webtiles) character file.

Game seed: 14575346671856672767, levelgen mode: deterministic

2116 Chiseanne the Sneak (level 8, -27/60 HPs)
             Began as a Demigod Assassin on May 24, 2020.
             Killed by the air
             ... invoked by Gastronok
              (39 damage)
             ... on level 8 of the Dungeon.
             The game lasted 00:23:00 (5306 turns).

Chiseanne the Sneak (Demigod Assassin)              Turns: 5306, Time: 00:23:00

Health: -27/60     AC: 10    Str: 14    XL:     8   Next: 81%
Magic:  1/10       EV: 16    Int: 15    God:
Gold:   258        SH:  8    Dex: 21    Spells: 7/7 levels left

rFire    + . .     SeeInvis .   a - +2 dagger (freeze)
rCold    . . .     Gourm    .   s - +2 buckler {AC+3}
rNeg     . . .     Faith    .   z - +0 robe {rF+}
rPois    .         Spirit   .   (no helmet)
rElec    .         Reflect  .   c - +1 cloak
rCorr    .         Harm     .   m - +2 pair of gloves
MR       .....                  (no boots)
Stlth    ++++......             (no amulet)
HPRegen  0.20/turn              (no ring)
MPRegen  0.12/turn              (no ring)

@: brilliant, flying
A: hooves 1, high mp 1, MP-powered wands
a: no special abilities


You were on level 8 of the Dungeon.
You were not hungry.

You visited 1 branch of the dungeon, and saw 8 of its levels.

You collected 258 gold pieces.

Inventory:

Hand Weapons
 a - a +2 dagger of freezing (weapon)
 h - a +0 long sword
 i - a +1 whip of flaming
 l - the cursed +1 great sword of Bread {holy, rC- rN+ MR++ Stlth+, unknown}
   (You found it on level 7 of the Dungeon)

   It has been blessed by the Shining One to cause great damage to the undead
   and demons.
   It makes you vulnerable to cold.
   It protects you from negative energy.
   It affects your resistance to hostile enchantments.
   It makes you more stealthy.
   It has a curse placed upon it.
 t - a +2 vorpal spear
 E - a +2 flail of protection
Missiles
 d - 49 poisoned darts (quivered)
 n - 74 sling bullets
 r - 20 bolts
 y - an arrow
 D - 6 javelins
Armour
 c - a +1 cloak (worn)
 m - a +2 pair of gloves (worn)
 s - a +2 buckler of protection (worn)
 z - a +0 robe of fire resistance (worn)
Magical Staves
 j - an uncursed staff of cold {unknown}
Jewellery
 k - an uncursed ring of wizardry {unknown}
 p - an uncursed ring of protection from cold {unknown}
Wands
 w - a wand of digging (12)
 B - a wand of disintegration (9)
 G - a wand of random effects (8)
Scrolls
 b - 2 scrolls of fog
 q - 4 scrolls of teleportation
 I - a scroll of blinking
Potions
 g - 2 potions of curing
 o - a potion of mutation
 u - a potion of heal wounds
 x - a potion of flight
 A - a potion of lignification
Comestibles
 f - 7 rations


   Skills:
 - Level 1.7 Fighting
 * Level 5.5 Short Blades
 - Level 4.7 Throwing
 * Level 5.2 Dodging
 * Level 6.8 Stealth
 * Level 3.6 Shields


You had 7 spell levels left.
You didn't know any spells.
Your spell library contained the following spells:

 Spells                   Type           Power        Failure   Level  Hunger
 Foxfire                  Conj/Fire      #...         28%         1    None
 Freeze                   Ice            #...         28%         1    None
 Infusion                 Chrm           #...         28%         1    None
 Shroud of Golubria       Chrm/Tloc      #.....       38%         2    None
 Song of Slaying          Chrm           #.......     38%         2    None
 Conjure Flame            Conj/Fire      #.......     63%         3    None
 Frozen Ramparts          Ice            #.....       63%         3    None
 Inner Flame              Hex/Fire       #.......     63%         3    None
 Ozocubu's Armour         Chrm/Ice       #.......     63%         3    None
 Spectral Weapon          Hex/Chrm       #.......     63%         3    None
 Hailstorm                Conj/Ice       #.......     95%         4    None
 Sticky Flame             Conj/Fire      #.......     95%         4    None
 Summon Ice Beast         Ice/Summ       #.......     95%         4    None
 Fireball                 Conj/Fire      #.........   100%        5    None


Dungeon Overview and Level Annotations

Branches:
Dungeon (8/15)
 Temple: D:4-7         Lair: D:8-11

Shops:
D:4 [

Annotations:
D:7 2 runed translucent doors
D:8 Gastronok


Innate Abilities, Weirdness & Mutations

You have an increased reservoir of magic. (+10% MP)
You have large cloven feet.
You expend magic power (3 MP) to strengthen your wands.


Message History

Press: ? - help, Shift-Dir - straight line, f/p - Gastronok
Aim: Gastronok, wearing a +0 hat of see invisible (moderately wounded, fast, extremely poisoned, slow, misshapen and mutated, chance to defeat MR: 30%) Gastronok easily resists.
Gastronok is no longer moving slowly.
Evoke which item? (* to show all) (? for menu, Esc to quit)
Aiming: Disintegrate
Press: ? - help, Shift-Dir - straight line, f/p - Gastronok
Aim: Gastronok, wearing a +0 hat of see invisible (moderately wounded, fast, extremely poisoned, misshapen and mutated, chance to defeat MR: 30%) Gastronok easily resists.
Evoke which item? (* to show all) (? for menu, Esc to quit)
Aiming: Disintegrate
Press: ? - help, Shift-Dir - straight line, f/p - Gastronok
Aim: Gastronok, wearing a +0 hat of see invisible (moderately wounded, fast, extremely poisoned, misshapen and mutated, chance to defeat MR: 30%) Gastronok is blasted!
Gastronok waves his eye-stalks in wide circles.
The air twists around and violently strikes you in flight!
* * * LOW HITPOINT WARNING * * *
Gastronok waves his eye-stalks in wide circles.
The air twists around and violently strikes you in flight!!!
Ouch! That really hurt!
You die...

.............#.####........
...........#.#.# ###+#####
#######.#....#.#
#####........##
......#.##....#
.............+# #
#....##....+### .#
####....##.......# ##.#.
((.w....@........###.....
##########.......>......#
#...#............
#...####..).....#
###'#..####......#
###.....####.......#
#A#_..._#1###.#....#
###.....### .......#
###+### #..[#...


You could see Gastronok (fast, very poisoned, misshapen).

Vanquished Creatures
  Pikel (D:6)
  Maggie (D:8)
  A wyvern (D:4)
  A hungry ghost (D:7)
  A slave (D:6)
  An ogre (D:7)
  A crocodile (D:5)
  A centaur (D:6)
  A bullfrog (D:7)
  A gnoll sergeant (D:6)
  A wyvern zombie (D:7)
  2 water moccasin zombies
  A scorpion (D:4)
  A howler monkey (D:4)
  2 crimson imps
  A quasit (D:7)
  4 worker ants
  A killer bee zombie (D:8)
  8 gnolls
  12 adders
  3 shadow imps
  An adder zombie (D:7)
  A dart slug (D:2)
  5 leopard geckos
  5 orcs
  5 bats
  11 giant cockroaches
  6 goblins
  4 hobgoblins
  2 jackals (D:5)
  2 kobolds (D:1)
  3 quokkas
  3 frilled lizards
  A jackal skeleton (D:6)
  4 rats
99 creatures vanquished.

Notes
Turn   | Place    | Note
-------+----------+-------------------------------------------
     0 | D:1      | Chiseanne the Demigod Assassin began the quest for the Orb.
     0 | D:1      | Reached XP level 1. HP: 17/17 MP: 3/3
    59 | D:1      | Reached skill level 1 in Dodging
   150 | D:1      | Reached XP level 2. HP: 16/24 MP: 4/4
   427 | D:2      | Reached XP level 3. HP: 14/29 MP: 5/5
   462 | D:2      | Gained mutation: You are robust. (+10% HP) [potion of
                  | mutation]
   462 | D:2      | Lost mutation: You are robust. (+10% HP) [potion of
                  | mutation]
   462 | D:2      | Gained mutation: You expend magic power (3 MP) to
                  | strengthen your wands. [potion of mutation]
   462 | D:2      | Gained mutation: You have large cloven feet. [potion of
                  | mutation]
   467 | D:2      | Reached skill level 4 in Stealth
   513 | D:2      | Found a blossoming altar of Fedhas.
   551 | D:2      | Found a stormy altar of Qazlal.
  1256 | D:3      | Reached XP level 4. HP: 36/36 MP: 6/6
  1447 | D:4      | Found Uxkeda's Antique Armour Boutique.
  1455 | D:5      | Entered Level 5 of the Dungeon
  1504 | D:4      | Reached XP level 5. HP: 17/41 MP: 7/7
  1745 | D:4      | Noticed a wyvern
  1757 | D:5      | Found a burning altar of Makhleb.
  2188 | D:4      | Reached XP level 6. HP: 48/48 MP: 8/8
  2388 | D:4      | Killed a wyvern
  2388 | D:4      | Reached skill level 5 in Stealth
  3052 | D:2      | Found a shimmering altar of Xom.
  3053 | D:2      | Found a radiant altar of Vehumet.
  3339 | D:5      | Reached XP level 7. HP: 53/53 MP: 9/9
  3797 | D:6      | Noticed Pikel
  3804 | D:6      | Reached skill level 1 in Shields
  3827 | D:6      | Killed Pikel
  3827 | D:6      | Reached skill level 6 in Stealth
  3827 | D:6      | Reached XP level 8. HP: 19/60 MP: 10/10
  4322 | D:7      | Found a basalt altar of Yredelemnul.
  4386 | D:7      | Reached skill level 5 in Short Blades
  4526 | D:7      | Found a runed translucent door.
  4526 | D:7      | Found a runed translucent door.
  4526 | D:7      | Noticed a white ugly thing
  4526 | D:7      | Noticed a cyclops
  4654 | D:7      | Reached skill level 5 in Dodging
  4711 | D:7      | Got an ichor-stained great sword
  5076 | D:8      | Noticed Gastronok
  5238 | D:8      | Noticed Maggie
  5262 | D:8      | Killed Maggie
  5274 | D:8      | Found a burning altar of Makhleb.
  5276 | D:8      | Found a glowing silver altar of Zin.
  5276 | D:8      | Noticed an angel
  5277 | D:8      | Noticed an Executioner
  5306 | D:8      | Killed from afar by Gastronok

Illustrated notes

Levels and vault maps discovered:
D:1:      sevenhm_arrival_forest_fort_small_5, layout_basic
D:2:      layout_basic, grunt_temple_overflow_forces_of_nature,
          gammafunk_temple_overflow_pools, first_ration, st_stairs_8,
          minivault_11, grunt_ministairs_6, minmay_pentomino_p2
D:3:      minmay_spotlight, layout_basic, minmay_distorted
D:4:      layout_loops_ring, minitemple, serial_shops, shop
D:5:      layout_loops_cross, basic_altar, chequers_serial_rivers_room_b
D:6:      layout_loops_ring, temple_pool_b, kennysheep_nub, uniq_pikel
D:7:      minmay_the_grid_triangle_9x9_rhombus_full
          [minmay_the_grid_triangle_9x9_flanged_cone,
          minmay_the_grid_triangle_9x9_alien,
          minmay_the_grid_triangle_9x9_tough_junction,
          minmay_the_grid_triangle_9x9_stretched_checkered,
          minmay_the_grid_triangle_9x9_intruding_spiral,
          minmay_the_grid_triangle_9x9_shrine,
          minmay_the_grid_triangle_9x9_odd_lines,
          minmay_the_grid_triangle_9x9_prize_top_heavy], layout_gridville,
          lemuel_crystal_altar
D:8:      layout_basic, grunt_temple_overflow_order_and_chaos_2,
          hangedman_little_slice_of_home, corexii_corridor_pit, uniq_gastronok,
          uniq_maggie

Skill      XL: |  1  2  3  4  5  6  7  8 |
---------------+-------------------------+-----
Dodging        | 1 2 3 4 5 |  5.2
Short Blades   | 2 3 4 5 |  5.5
Throwing       | 2 3 4 |  4.7
Stealth        | 4 5 6 |  6.8
Shields        | 2 3 |  3.6
Fighting       | |  1.7

Action                   |  1- 3 |  4- 6 |  7- 9 || total
-------------------------+-------+-------+-------++-------
Melee: Dagger            |    76 |   130 |   126 ||   332
       Kick              |    13 |    29 |    50 ||    92
       Flail             |       |       |     5 ||     5
Throw: Dart              |     7 |    28 |    13 ||    48
Evoke: Wand              |       |       |    27 ||    27
  Use: Potion            |     2 |     2 |     4 ||     8
       Scroll            |       |    11 |     2 ||    13
 Stab: Sleeping          |     5 |    10 |     9 ||    24
       Invisible         |       |       |     2 ||     2
       Distracted        |       |       |     1 ||     1
  Eat: Chunk             |     1 |     7 |    10 ||    18
Armor: Robe              |    11 |    10 |    16 ||    37
       Skin              |       |    18 |       ||    18
       Leather armour    |       |    19 |    11 ||    30
Dodge: Dodged            |    49 |    98 |    56 ||   203
Block: Buckler           |       |       |    30 ||    30

Table legend:
 A = Non-vault XP
 B = Vault XP
 C = Vault XP percentage of total XP
 D = Non-vault monster count
 E = Vault monster count
 F = Vault count percentage of total count
                 A         B        C        D         E       F
            +---------+---------+-------+---------+---------+-------
      Total |    1995 |    1028 |  34.0 |      92 |       6 |   6.1
            +---------+---------+-------+---------+---------+-------
        D:1 |      35 |       0 |   0.0 |      20 |       0 |   0.0
        D:2 |      91 |      18 |  16.5 |      18 |       3 |  14.3
        D:3 |      43 |       2 |   4.4 |       8 |       1 |  11.1
        D:4 |     533 |       0 |   0.0 |      11 |       0 |   0.0
        D:5 |     212 |       0 |   0.0 |       9 |       0 |   0.0
        D:6 |     310 |     629 |  67.0 |      10 |       1 |   9.1
        D:7 |     717 |       0 |   0.0 |      12 |       0 |   0.0
        D:8 |      54 |     379 |  87.5 |       4 |       1 |  20.0
            +---------+---------+-------+---------+---------+-------
